Map: Efflorescence LE

Players

KALLE

  • Race: Zerg Zerg
  • Spawn Location: 6:00

crispcabbage

  • Race: Protoss Protoss
  • Spawn Location: 9:00

qqq - Winner!

  • Race: Zerg Zerg
  • Spawn Location: 12:00

Massa - Winner!

  • Race: Terran Terran
  • League: Gold
  • Spawn Location: 3:00

VOD

Have the link to the VOD?

Description

Time

  • Played on: June 23, 2020, 4:17 p.m.
  • Length: 22:09
Show
View Real Time Build Order
Export as new Build Order

KALLE Zerg 

Build Orders: Hatch First 

Get SALT Encoding   

  12  0:02  Drone  
  13  0:13  Overlord  
  13  0:18  Drone  
  14  0:31  Drone x2  
  16  0:37  Drone  
  17  1:05  Extractor, Drone x2  
  17  1:09  Hatchery  
  17  1:25  Spawning Pool  
  15  1:36  Drone x3  
  18  2:03  Drone x2  
  20  2:14  Metabolic Boost  
  20  2:16  Zergling x2  
  20  2:20  Queen  
  20  2:22  Queen  
  25  2:29  Zergling x4  
  27  2:39  Zergling x2  
  28  3:07  Overlord x2  
  28  3:08  Spine Crawler  
  28  3:12  Drone  
  28  3:14  Evolution Chamber  
  27  3:22  Drone  
  28  3:28  Zergling x6  
  28  3:32  Drone x3  
  28  3:33  Drone  
  35  3:37  Zergling x2  
  35  3:38  Zergling x4  
  38  3:41  Overlord  
  37  4:07  Zergling x2  
  37  4:08  Zergling x12  
  37  4:09  Zergling x4  
  46  4:15  Zerg Melee Weapons Level 1  
  43  4:31  Zergling x6  
  43  4:32  Zergling x4  
  45  4:46  Drone  
  45  4:47  Drone x5  
  49  5:06  Zergling x10  
  42  5:22  Zergling x2  
  42  5:23  Zergling x12  
  45  5:37  Zergling x4  
  45  5:38  Zergling x2  
  47  5:49  Drone x2  
  50  5:50  Drone  
  50  6:04  Drone  
  50  6:05  Drone  
  52  6:39  Overlord x2  
  52  6:40  Overlord  
  44  7:07  Lair  
  44  7:10  Hatchery  
  44  7:11  Extractor  
  44  7:13  Roach Warren  
  41  7:15  Lair  
  41  7:19  Spine Crawler, Spore Crawler  
  41  7:20  Spine Crawler  
  38  7:24  Drone x3  
  38  7:25  Drone x2  
  38  7:26  Drone x4  
  47  7:38  Zerg Missile Weapons Level 1  
  47  7:49  Drone x4  
  51  7:53  Extractor  
  51  7:54  Extractor  
  51  7:58  Spore Crawler  
  48  8:02  Drone x4  
  48  8:03  Drone x2, Hatchery  
  53  8:10  Spire  
  54  8:27  Roach x4  
  54  8:28  Roach  
  55  8:43  Drone x2  
  57  8:54  Hatchery  
  56  9:04  Glial Reconstitution  
  56  9:27  Zergling x8  
  58  9:36  Hatchery  
  58  9:37  Zerg Flyer Weapons Level 1  
  57  9:38  Zergling x6  
  57  9:39  Zergling x2  
  61  9:45  Queen  
  61  9:54  Zergling x2  
  61  9:55  Zergling x8  
  64  10:06  Zergling x8  
  57  10:41  Roach x4  
  57  10:42  Roach x5  
  75  10:46  Zerg Melee Weapons Level 2  
  75  10:55  Drone x2  
  77  10:59  Spine Crawler  
  77  11:00  Spine Crawler  
  75  11:09  Roach x3  
  81  11:19  Overlord  
  81  11:20  Overlord x2  
  73  11:34  Spine Crawler  
  73  11:39  Spine Crawler  
  51  11:51  Roach x3  
  45  11:54  Spine Crawler  
  38  12:09  Roach x3  
  38  12:13  Drone  
  45  12:21  Drone  
  46  12:36  Drone x3  
  49  12:48  Drone x3  
  52  13:02  Drone x2  
  54  13:19  Drone x4  
  57  13:30  Drone x2  
  57  13:45  Roach x3  
  63  14:12  Hatchery  
  46  14:34  Drone  
  43  14:46  Drone  
  44  15:10  Drone  
  45  15:39  Spine Crawler  
  44  15:42  Spine Crawler  
  44  15:47  Spore Crawler  
  42  15:51  Spine Crawler  
  42  15:52  Extractor  
  42  15:55  Extractor  
  39  16:21  Hatchery  
  38  16:28  Queen  
  40  16:43  Drone x6  
  40  16:44  Drone  
  40  16:46  Zerg Missile Weapons Level 2  
  47  16:55  Extractor  
  50  17:08  Roach x2  
  50  17:13  Overlord  
  50  17:27  Hatchery  
  50  17:29  Zergling x10  
  55  17:30  Zergling x2  
  55  17:35  Queen  
  57  17:55  Mutalisk x3  
  57  17:58  Zergling x2  
  64  18:17  Drone x3  
  64  18:18  Drone x6  
  64  18:19  Drone  
  74  18:25  Zerg Flyer Armor Level 1  
  74  18:39  Zergling x6  
  74  18:40  Zergling x8  
  81  18:46  Extractor  
  78  19:01  Zergling x8  
  78  19:02  Zergling x4  
  84  19:03  Roach x2  
  84  19:04  Roach x3  
  92  19:30  Mutalisk x2  
  94  19:32  Zergling x2  
  85  20:08  Spine Crawler  
  85  20:13  Spine Crawler  
  85  20:14  Spine Crawler  
  79  20:15  Spine Crawler x3  
  60  20:43  Roach x5  
  60  20:44  Roach  
  69  21:17  Roach x2  
  69  21:18  Roach x4  
Show
View Real Time Build Order
Export as new Build Order

crispcabbage Protoss 

Build Orders: Oracle Opening, Carriers 

Get SALT Encoding   

  12  0:02  Probe  
  13  0:14  Probe  
  13  0:21  Pylon  
  14  0:25  Assimilator  
  14  0:26  Probe  
  14  0:35  Probe  
  16  0:45  Gateway  
  16  0:46  Probe  
  17  0:59  Probe  
  18  1:05  Assimilator  
  18  1:09  Probe, Pylon  
  18  1:17  Probe  
  20  1:26  Probe  
  21  1:37  Cybernetics Core  
  21  1:54  Nexus  
  21  1:59  Probe  
  22  2:11  Probe  
  22  2:13  Stargate  
  23  2:22  Pylon  
  23  2:25  Probe  
  24  2:33  Stalker  
  24  2:36  Warp Gate  
  26  2:53  Robotics Facility  
  26  3:00  Probe  
  26  3:05  Oracle  
  27  3:11  Probe  
  28  3:19  Pylon  
  31  3:26  Shield Battery  
  31  3:28  Probe  
  31  3:34  Probe  
  33  3:41  Probe  
  34  3:43  Observer  
  35  3:52  Probe  
  35  3:53  Probe  
  37  3:59  Assimilator  
  37  4:03  Assimilator  
  37  4:04  Probe  
  38  4:20  Probe  
  38  4:21  Probe  
  40  4:29  Void Ray  
  44  4:32  Probe  
  44  4:33  Probe, Immortal  
  50  4:45  Probe  
  51  4:47  Probe  
  52  4:57  Probe  
  52  4:58  Pylon  
  53  5:01  Probe  
  54  5:10  Probe  
  54  5:13  Probe, Void Ray  
  60  5:18  Immortal  
  64  5:21  Stalker  
  64  5:25  Probe  
  67  5:31  Pylon  
  67  5:40  Probe  
  67  5:41  Probe  
  68  5:49  Probe, Pylon  
  69  5:53  Probe  
  69  5:56  Void Ray  
  75  5:59  Probe  
  76  6:05  Probe  
  76  6:07  Immortal  
  81  6:11  Probe  
  81  6:13  Protoss Air Weapons Level 1  
  81  6:17  Probe  
  80  6:39  Void Ray  
  84  6:43  Probe x2  
  86  7:08  Nexus  
  86  7:11  Assimilator  
  86  7:15  Assimilator  
  86  7:18  Pylon  
  86  7:24  Pylon  
  86  7:32  Fleet Beacon  
  86  7:33  Nexus  
  86  7:35  Robotics Bay  
  86  7:36  Probe x2, Stargate, Immortal  
  92  7:41  Void Ray  
  96  7:48  Probe x2  
  98  7:55  Shield Battery  
  98  7:58  Shield Battery  
  98  8:01  Probe x2, Forge  
  98  8:04  Shield Battery  
  100  8:08  Shield Battery  
  100  8:13  Probe x2  
  102  8:20  Immortal  
  102  8:24  Void Ray  
  102  8:25  Probe x2  
  105  9:00  Probe  
  105  9:01  Probe  
  102  9:07  Photon Cannon  
  102  9:10  Photon Cannon x2  
  102  9:11  Photon Cannon  
  102  9:13  Pylon x2  
  102  9:14  Pylon  
  102  9:16  Carrier  
  108  9:17  Carrier  
  108  9:23  Probe  
  108  9:24  Probe  
  116  9:27  Probe x2  
  118  9:35  Probe  
  118  9:36  Probe  
  120  9:40  Shield Battery  
  120  9:42  Probe, Photon Cannon  
  120  9:43  Probe  
  122  9:46  Pylon  
  122  9:48  Probe x2  
  124  9:55  Probe x2  
  124  9:58  Protoss Ground Weapons Level 1  
  126  10:00  Probe x2  
  126  10:02  Gravitic Boosters  
  126  10:07  Probe  
  129  10:15  Protoss Air Weapons Level 2  
  129  10:16  Robotics Facility  
  129  10:17  Probe x2, Pylon  
  129  10:21  Carrier, Pylon  
  137  10:24  Probe, Pylon  
  137  10:25  Probe  
  145  10:28  Carrier  
  145  10:29  Probe  
  145  10:34  Disruptor  
  149  10:38  Probe  
  148  11:08  Nexus  
  148  11:10  Disruptor  
  151  11:13  Pylon  
  151  11:16  Pylon  
  151  11:19  Probe x2  
  151  11:25  Carrier  
  159  11:39  Probe  
  160  11:40  Probe  
  160  11:45  Carrier  
  160  11:46  Observer  
  168  11:53  Stargate  
  168  12:00  Gateway  
  168  12:04  Gateway  
  168  12:06  Gateway  
  168  12:10  Gateway  
  168  12:29  Carrier  
  161  12:49  Carrier  
  94  13:19  Colossus x2  
  106  13:33  Carrier  
  112  13:54  Probe  
  109  14:06  Probe  
  110  14:13  Colossus x2  
  93  15:06  Colossus  
  93  15:07  Warp Prism  
  81  15:22  Void Ray  
  81  15:23  Void Ray  
  83  15:43  Immortal  
  81  16:00  Colossus  
  83  16:21  Colossus  
  81  16:53  Colossus  
  75  17:01  Void Ray x3  
  64  17:16  Immortal  
  66  17:26  Probe x3  
  66  17:28  Assimilator  
  69  17:32  Assimilator  
  69  17:35  Pylon  
  69  17:36  Probe  
  70  17:38  Probe x2  
  70  17:43  Void Ray  
  70  17:44  Pylon, Void Ray  
  72  17:47  Pylon, Void Ray, Immortal  
  72  17:49  Probe  
  89  17:55  Immortal  
  89  17:58  Probe  
  93  18:00  Probe  
  93  18:04  Probe  
  96  18:06  Probe  
  96  18:12  Probe  
  98  18:14  Flux Vanes  
  98  18:20  Void Ray  
  102  18:30  Void Ray  
  102  18:33  Probe x2  
  108  18:36  Probe  
  109  18:50  Stalker x4  
  102  19:16  Probe  
  98  20:25  Void Ray x3  
  92  20:53  Observer  
Show
View Real Time Build Order
Export as new Build Order

qqq Zerg - Winner!

Build Orders: 3 Hatch before Pool 

Get SALT Encoding   

  12  0:02  Drone  
  13  0:08  Drone  
  14  0:44  Hatchery  
  14  0:45  Drone  
  14  1:18  Hatchery  
  13  1:23  Spawning Pool  
  12  1:33  Overlord  
  12  1:35  Drone  
  12  1:39  Drone  
  14  1:44  Extractor  
  14  1:46  Drone  
  14  1:57  Drone  
  14  1:58  Drone  
  16  2:09  Drone  
  16  2:10  Drone  
  18  2:17  Queen  
  18  2:21  Drone  
  21  2:26  Drone  
  22  2:32  Zergling x2  
  22  2:35  Drone  
  22  2:36  Drone  
  25  2:40  Zergling x2  
  25  2:43  Zergling x2  
  27  2:46  Zergling x2  
  28  2:52  Zergling x2  
  28  2:54  Zergling x2  
  30  2:58  Metabolic Boost  
  30  3:02  Drone  
  31  3:07  Overlord  
  31  3:13  Drone x2  
  31  3:18  Overlord  
  33  3:20  Drone  
  33  3:25  Overlord  
  34  3:29  Zergling x2  
  34  3:31  Zergling x2  
  36  3:34  Zergling x2  
  36  3:37  Zergling x2  
  36  3:39  Zergling x2  
  39  3:42  Zergling x2  
  39  3:45  Drone  
  39  3:46  Drone  
  39  3:48  Drone  
  43  3:50  Zergling x2  
  43  3:53  Zergling x2  
  45  4:04  Zergling x2  
  45  4:05  Zergling x6  
  49  4:12  Zergling x2  
  49  4:13  Zergling x2  
  49  4:14  Spore Crawler  
  47  4:17  Spore Crawler  
  47  4:18  Spore Crawler  
  37  4:31  Drone x2  
  29  4:34  Drone x4  
  26  4:41  Drone  
  27  4:51  Drone  
  27  4:52  Drone x2  
  28  5:01  Zergling x2  
  28  5:02  Zergling x6  
  21  5:10  Drone x2  
  21  5:13  Zergling x2  
  21  5:29  Drone, Baneling Nest  
  21  5:30  Drone x2  
  23  5:38  Drone  
  23  5:39  Drone  
  24  5:44  Drone x2  
  24  5:48  Drone  
  27  5:51  Drone  
  27  5:53  Drone  
  27  5:56  Drone  
  30  6:02  Drone  
  31  6:10  Spine Crawler  
  30  6:12  Spine Crawler  
  19  6:19  Baneling x6  
  19  6:22  Drone  
  19  6:24  Drone x2  
  22  6:41  Drone x2  
  23  7:02  Drone x2  
  25  7:12  Drone  
  25  7:15  Zergling x6  
  29  7:35  Spine Crawler  
  30  7:37  Queen  
  32  7:51  Drone x2  
  32  7:52  Drone, Zergling x6  
  32  7:56  Hatchery  
  37  8:03  Lair  
  37  8:05  Drone  
  36  8:14  Spine Crawler  
  36  8:19  Drone, Spine Crawler  
  35  8:20  Drone  
  35  8:21  Drone  
  37  8:32  Drone  
  36  9:00  Zergling x2  
  36  9:01  Zergling x4  
  36  9:02  Zergling x6  
  42  9:14  Drone  
  42  9:15  Drone  
  43  9:33  Spire  
  43  9:35  Extractor  
  43  9:37  Drone  
  43  9:38  Drone x2  
  43  9:57  Zergling x14  
  43  9:58  Zergling x4  
  43  9:59  Drone  
  48  10:06  Drone  
  44  10:08  Spine Crawler  
  44  10:09  Spine Crawler  
  44  10:10  Queen  
  44  10:18  Zergling x4  
  44  10:19  Drone  
  47  10:25  Zergling x4  
  47  10:26  Hatchery  
  47  10:28  Hatchery  
  47  10:39  Drone x2  
  49  10:58  Zergling x16  
  49  10:59  Drone  
  58  11:10  Overlord  
  58  11:11  Overlord  
  56  11:40  Zergling x10  
  56  11:41  Drone x3  
  59  11:56  Zergling x10  
  59  11:57  Drone  
  60  12:09  Drone  
  60  12:10  Zergling x6  
  62  12:19  Drone  
  62  12:20  Mutalisk x2, Zergling x2  
  66  12:46  Zergling x2  
  66  12:47  Zergling x14  
  66  12:48  Drone x2, Zergling x2  
  66  12:49  Drone  
  70  13:13  Zergling x10  
  70  13:14  Zergling x2  
  76  13:22  Drone x3  
  78  13:27  Overlord x3  
  74  13:41  Hatchery  
  71  13:49  Extractor  
  69  14:06  Hatchery  
  69  14:07  Corruptor  
  69  14:08  Corruptor x5  
  80  14:10  Zergling x6  
  80  14:12  Hatchery  
  71  14:43  Zergling x2, Corruptor  
  71  14:44  Zergling x4  
  71  14:45  Zergling x10  
  80  14:46  Drone x2  
  80  14:47  Drone  
  77  15:01  Zergling x6  
  77  15:02  Drone x2  
  59  15:23  Zergling x12  
  59  15:25  Extractor  
  59  15:27  Extractor, Drone  
  59  15:28  Drone x5  
  65  15:31  Spore Crawler  
  65  15:32  Spore Crawler  
  65  15:33  Spore Crawler x2  
  65  15:34  Drone, Spore Crawler x2  
  65  15:35  Spore Crawler x2  
  58  15:39  Zergling x10  
  58  15:41  Drone x6  
  66  15:49  Corruptor  
  64  15:50  Corruptor x2  
  64  15:52  Drone x3, Zergling x2  
  71  16:08  Corruptor  
  67  16:15  Drone x4  
  67  16:16  Drone x4  
  75  16:19  Extractor  
  75  16:22  Extractor x2  
  75  16:24  Extractor  
  71  16:26  Extractor  
  71  16:28  Corruptor  
  66  16:44  Corruptor  
  57  17:01  Corruptor  
  59  17:12  Spawning Pool  
  59  17:14  Evolution Chamber  
  59  17:15  Evolution Chamber, Zerg Flyer Armor Level 1  
  56  17:18  Drone x3  
  56  17:19  Drone x4  
  56  17:20  Drone x2  
  65  17:24  Drone x4  
  65  17:25  Drone x7  
  76  17:40  Zerg Melee Weapons Level 1  
  76  17:41  Zerg Ground Armor Level 1  
  76  17:42  Corruptor  
  78  17:45  Drone x5  
  78  17:46  Drone x5  
  88  17:55  Corruptor x2  
  88  17:56  Corruptor  
  88  17:57  Drone x2  
  88  17:58  Drone x6  
  100  18:03  Zergling x6  
  105  18:14  Spine Crawler  
  105  18:16  Spine Crawler x2  
  105  18:19  Spine Crawler  
  101  18:20  Spine Crawler  
  101  18:21  Spine Crawler  
  101  18:22  Extractor, Zergling x6  
  101  18:23  Zergling x14  
  101  18:24  Zergling x2  
  109  18:32  Zergling x4  
  109  18:33  Zergling x4  
  109  18:34  Zergling x2  
  114  18:37  Overlord x3  
  112  18:50  Infestation Pit  
  110  19:06  Zergling x12  
  110  19:07  Drone x5  
  110  19:08  Drone x7  
  128  19:10  Zerg Flyer Weapons Level 1  
  128  19:12  Spine Crawler  
  128  19:13  Spore Crawler  
  128  19:15  Spine Crawler  
  113  19:24  Corruptor x5  
  113  19:25  Corruptor  
  113  19:26  Corruptor x2  
  113  19:27  Corruptor x2  
  111  19:38  Spine Crawler  
  107  19:39  Spine Crawler  
  107  19:42  Spore Crawler x3  
  107  19:44  Spore Crawler x3  
  107  19:45  Drone x2  
  102  19:46  Drone x4  
  102  19:47  Spine Crawler  
  102  19:48  Spine Crawler  
  102  19:52  Spine Crawler  
  61  20:32  Zergling x2, Hive  
  61  20:33  Zergling x16  
  66  20:39  Hatchery  
  64  20:45  Zergling x6  
  67  20:53  Hatchery  
  66  21:04  Drone x2, Spine Crawler x2  
  65  21:18  Zergling x4  
  65  21:19  Zergling x8  
  66  21:26  Corruptor x2  
  64  21:56  Drone, Hatchery  
Show
View Real Time Build Order
Export as new Build Order

Massa Terran - Winner!

Build Orders:  

Get SALT Encoding   

  12  0:10  Supply Depot  
  12  0:13  SCV  
  13  0:25  SCV  
  14  0:36  Barracks  
  14  0:39  SCV  
  15  1:01  SCV  
  16  1:10  Supply Depot  
  16  1:13  SCV  
  17  1:24  Marine  
  18  1:25  SCV  
  19  1:42  Marine  
  20  1:47  Command Center  
  20  1:59  SCV  
  21  2:01  Refinery  
  21  2:06  Supply Depot  
  21  2:13  Marine  
  22  2:18  Orbital Command  
  22  2:31  Marine  
  23  2:38  Refinery  
  23  2:54  SCV  
  24  2:59  Barracks Tech Lab  
  24  3:05  Barracks  
  23  3:06  SCV  
  23  3:09  Orbital Command  
  24  3:21  Marauder  
  26  3:31  SCV  
  27  3:37  Factory  
  27  3:43  SCV  
  27  3:47  Bunker  
  28  3:50  Combat Shield  
  28  3:55  SCV, Marauder  
  31  3:56  Marine  
  32  4:07  SCV  
  33  4:16  Marauder  
  35  4:23  Engineering Bay  
  35  4:29  Factory Tech Lab  
  35  4:37  Barracks  
  35  4:39  Barracks  
  35  4:47  Supply Depot  
  35  4:56  Missile Turret  
  35  5:06  Marauder  
  37  5:07  Marine  
  38  5:17  Missile Turret x2  
  31  5:27  Marauder  
  31  5:32  Marine x2  
  33  5:37  Siege Tank  
  33  5:38  Missile Turret  
  36  5:45  Terran Infantry Weapons Level 1  
  36  5:49  Marauder  
  38  5:51  Barracks Tech Lab  
  38  5:54  Concussive Shells  
  38  6:00  Missile Turret  
  38  6:05  Barracks Reactor  
  38  6:07  Barracks Reactor  
  38  6:10  Marauder  
  40  6:17  Marauder  
  42  6:31  Marauder  
  44  6:37  SCV, Missile Turret  
  44  6:38  SCV  
  44  6:39  Marauder  
  48  6:47  Siege Tank  
  48  6:50  SCV x2  
  48  6:53  Marauder  
  55  6:57  Marine x2  
  55  7:00  Marauder  
  59  7:02  SCV  
  59  7:05  Stimpack  
  60  7:14  Marauder  
  62  7:18  Supply Depot  
  62  7:19  Supply Depot  
  62  7:20  Supply Depot  
  62  7:21  Supply Depot x2  
  62  7:39  SCV, Marine x2, Siege Tank  
  62  7:40  Marauder  
  62  7:41  SCV  
  71  7:46  Supply Depot  
  71  7:51  SCV  
  71  7:53  SCV  
  71  7:56  Terran Infantry Armor Level 1  
  73  8:04  SCV  
  73  8:05  SCV  
  75  8:10  Supply Depot  
  75  8:16  SCV  
  76  8:31  Marauder  
  76  8:32  Marauder  
  76  8:33  Marine x4  
  53  8:50  Widow Mine, Marine  
  53  8:51  Marine x2  
  53  8:52  Marine  
  53  8:53  Marauder x2  
  63  9:00  Command Center  
  63  9:08  Marine  
  63  9:09  Marine  
  65  9:11  Widow Mine  
  65  9:14  Marauder x2  
  71  9:23  Armory  
  71  9:30  Factory  
  71  9:33  Widow Mine  
  71  9:36  Marauder x2  
  77  9:40  Refinery, SCV x2  
  77  9:44  Refinery  
  79  9:52  SCV x2  
  80  9:54  Siege Tank  
  80  9:57  Marauder x2  
  88  10:04  SCV  
  88  10:05  SCV  
  90  10:10  Marine x2  
  90  10:11  Marine x2  
  94  10:16  SCV  
  94  10:18  Marauder  
  94  10:19  Marauder  
  99  10:28  Marine x2  
  99  10:29  Marine x2  
  103  10:39  Marine  
  103  10:40  Marauder  
  106  10:44  Planetary Fortress  
  106  10:46  Marine  
  107  10:59  Missile Turret  
  107  11:08  Thor  
  107  11:10  Marine x6, Command Center  
  119  11:13  Factory Tech Lab  
  119  11:19  Missile Turret  
  119  11:28  Marine x6  
  125  11:40  Missile Turret  
  123  11:50  Thor  
  127  11:55  Thor  
  127  12:01  Missile Turret  
  133  12:08  Terran Vehicle Weapons Level 1  
  133  12:22  SCV x3  
  136  12:25  Supply Depot  
  136  12:26  Supply Depot  
  136  12:27  Supply Depot  
  136  12:29  Supply Depot  
  136  12:31  Supply Depot  
  136  12:33  Thor  
  136  12:34  SCV x2  
  142  12:47  SCV x2  
  142  12:50  Supply Depot  
  142  12:51  Supply Depot  
  132  12:53  Supply Depot  
  132  12:57  Supply Depot x2  
  129  12:59  SCV x2  
  131  13:11  SCV x2  
  129  13:17  Marauder x2, Marine x3  
  129  13:18  Marine  
  137  13:20  Thor x2  
  137  13:25  Planetary Fortress  
  149  13:31  Missile Turret  
  149  13:34  Marine  
  149  13:35  Marine x3  
  149  13:38  Marauder x2  
  155  13:51  Starport  
  155  13:52  Marine  
  155  13:53  Marine x3  
  155  13:54  Starport  
  159  13:59  Marine x2  
  161  14:03  Thor  
  167  14:10  Marine x2  
  167  14:11  Marine x2  
  145  14:17  Marine x2  
  104  14:28  Marine x2  
  104  14:29  Marine x2  
  102  14:35  Marine x2  
  102  14:36  Thor  
  110  14:40  Barracks  
  110  14:42  SCV x3  
  113  14:46  Marine x2  
  113  14:47  Marine x2  
  117  14:53  Marauder x2  
  117  14:54  SCV x2  
  117  14:58  Command Center  
  123  15:04  Marine x4  
  98  15:14  Marine x2  
  89  15:21  Marine  
  89  15:22  Marine x3  
  90  15:28  Barracks  
  90  15:32  Marine x2  
  88  15:39  Marine x2  
  88  15:40  Marine x2  
  92  15:49  Marine  
  84  15:50  Marine  
  84  15:56  Thor x2  
  77  16:20  Marine  
  77  16:21  Marine x5  
  83  16:27  Refinery  
  83  16:38  Marine x3  
  83  16:39  Marine x3, Thor x2  
  101  16:43  Barracks  
  100  16:56  Marine x5  
  100  16:57  Marine  
  95  17:14  Marine x3  
  98  17:26  SCV  
  98  17:27  SCV x2  
  101  17:30  Planetary Fortress  
  101  17:31  Barracks  
  101  17:33  Command Center  
  101  17:38  SCV  
  101  17:39  SCV x2  
  104  17:45  Medivac x2  
  104  17:51  SCV x3  
  109  17:56  Refinery  
  111  18:03  Barracks Reactor  
  111  18:06  Marauder x2, Marine  
  111  18:07  Refinery, Marine x3  
  111  18:08  Thor x2  
  111  18:11  Terran Vehicle And Ship Armor Level 1  
  131  18:14  SCV  
  131  18:15  SCV x3, Medivac x2  
  139  18:26  SCV  
  140  18:28  Refinery, Marauder x2  
  140  18:31  Refinery  
  144  18:36  Sensor Tower  
  144  18:43  Sensor Tower  
  144  18:50  Thor  
  144  18:51  Barracks Reactor, Marine x2, Thor  
  144  18:52  Marine x4  
  162  19:01  Marauder x2  
  166  19:09  Marine x4  
  168  19:10  Marine x2  
  172  19:19  Planetary Fortress  
  172  19:22  Refinery  
  172  19:33  Thor  
  172  19:34  Terran Infantry Weapons Level 2  
  178  20:24  Thor  
  178  20:25  Thor  
  183  21:02  Marine  
  183  21:03  Marine x9  
  188  21:07  Thor x2  
  197  21:20  Marine x3  
  170  22:05  Barracks  
  170  22:06  Barracks  
Tags
 
Add a new tag
Caveats
  • Supply blocks, unpowered buildings, or Contaminate may cause inaccurate times.
  • Supply counts are checked every 10 seconds.